Griffins vs Carnivores
Created - March 27, 2018 at 19:00
Goals
|
Griffins |
2 |
0 |
1 |
3 |
Carnivores |
1 |
1 |
0 |
2 |
|
Shots
|
Griffins |
9 |
6 |
12 |
27 |
Carnivores |
6 |
11 |
9 |
26 |
|
1st period
1. Griffins , Jan Mursak 19 (Mike Duco 20, Ben Hanowski 19) at 8:28
2. Griffins , Tye McGinn 23 (Lukas Krajicek 15, Malcolm Subban) at 9:22 (PP)
3. Carnivores , Blake Geoffrion 30 (Brendan Gallagher 39, Anton Gustafsson 47) at 18:06 (PP)
Penalties :
Jamie Arniel (Cap) for Attempt to injure (Major / Game Misconduct) at 2:44, Ryan Murray (Bre) for Holding (Minor) at 8:47, Blake Geoffrion (Bre) for Hooking (Minor) at 15:52, Jan Mursak (Cap) for High sticking (Minor) at 18:03, Lukas Krajicek (Cap) for Slashing (Minor) at 18:54
2nd period
4. Carnivores , Brendan Gallagher 35 (Blake Geoffrion 50, Joe Corvo 5) at 11:28
Penalties :
Lukas Krajicek (Cap) for High sticking (Minor) at 12:27
3rd period
5. Griffins , Pontus Aberg 10 (Petr Pohl 63, Robert Dome 26) at 11:07 (PP)
Penalties :
Nathan Oystrick (Cap) for Diving (Minor) at 2:48, Anton Gustafsson (Bre) for Interference (Minor) at 10:38, Markus Granlund (Bre) for Interference (Minor) at 12:14, Chris Lawrence (Bre) for Cross-checking (Minor) at 12:36, Pontus Aberg (Cap) for Tripping (Minor) at 16:47
Goalie Stats
Malcolm Subban (Cap), 24 saves from 26 shots - (0.923), W, 5-8-2, 60:00 minutes
Antti Raanta (Bre), 24 saves from 27 shots - (0.889), L, 9-14-4, 59:14 minutes
Players Stats for Griffins
Player Name G A P +/- PIM S H SB GA TA FO MP PP MP PK MP
------------------------------------------------------------------------------------
Ben Hanowski 0 1 1 0 0 2 3 0 0 0 0/2 11:18 2:04 0:00
Gord Baldwin 0 0 0 1 0 0 1 0 0 1 0/0 18:26 0:00 6:55
Greg Mauldin 0 0 0 0 0 0 2 1 1 0 1/4 9:55 1:50 0:23
J.T. Brown 0 0 0 0 0 0 1 0 0 0 0/0 7:51 0:03 0:00
Jamie Arniel 0 0 0 0 15 0 0 0 1 0 3/3 1:43 0:00 0:00
Jan Mursak 1 0 1 1 2 4 4 1 2 0 1/1 13:33 0:00 3:14
Justin Braun 0 0 0 0 0 0 0 2 0 0 0/0 17:41 0:31 7:16
Lukas Krajicek 0 1 1 -1 4 3 1 0 0 0 0/0 24:10 3:12 4:08
Mike Duco 0 1 1 1 0 2 1 0 0 0 0/0 13:34 0:00 3:14
Nathan Oystrick 0 0 0 0 2 2 4 1 0 1 0/0 17:38 0:00 4:00
Oscar Klefbom 0 0 0 1 0 1 1 0 0 0 0/0 15:18 3:33 1:21
Petr Pohl 0 1 1 -1 0 2 1 1 0 2 2/2 23:29 3:26 5:41
Petter Granberg 0 0 0 0 0 0 0 0 0 0 0/0 5:52 1:51 0:00
Pontus Aberg 1 0 1 -1 2 1 0 0 0 1 5/7 17:37 2:55 0:00
Quinton Howden 0 0 0 0 0 0 1 1 1 0 2/6 13:22 0:00 3:32
Robert Dome 0 1 1 0 0 4 1 0 1 0 3/4 15:27 3:13 0:00
Simon Despres 0 0 0 -1 0 1 2 0 0 0 0/0 21:36 1:41 2:16
Tye McGinn 1 0 1 -1 0 3 2 1 0 0 8/20 21:38 1:58 4:03
Vladislav Namestnikov 0 0 0 1 0 2 0 0 0 0 6/14 16:48 0:43 5:49
Players Stats for Carnivores
Player Name G A P +/- PIM S H SB GA TA FO MP PP MP PK MP
------------------------------------------------------------------------------------
Adam Pelech 0 0 0 0 0 0 0 0 0 0 0/0 3:30 0:00 0:00
Anton Gustafsson 0 1 1 0 2 2 0 0 0 0 21/38 22:21 6:16 2:21
Blake Geoffrion 1 1 2 0 2 4 1 3 1 0 2/2 19:57 6:16 0:00
Brendan Gallagher 1 1 2 0 0 4 1 0 0 1 1/4 19:54 6:13 0:00
Chris Lawrence 0 0 0 0 2 2 0 1 1 0 0/0 14:27 0:50 2:24
Jeremy Welsh 0 0 0 0 0 0 0 0 0 2 0/0 9:35 1:07 0:00
Jeremy Williams 0 0 0 0 0 2 1 1 0 0 0/0 8:31 0:00 0:00
Joe Corvo 0 1 1 1 0 1 1 2 0 0 0/0 26:48 6:44 3:43
Josh Manson 0 0 0 -1 0 1 2 1 0 0 0/0 10:54 0:35 0:00
Markus Granlund 0 0 0 0 2 1 0 1 1 0 2/3 14:03 5:34 0:12
Mat Clark 0 0 0 -1 0 0 0 0 0 1 0/0 11:25 0:35 0:35
Nate Schmidt 0 0 0 0 0 0 0 0 1 0 0/0 18:52 5:39 1:41
Nicolas Kerdiles 0 0 0 0 0 1 0 0 1 0 0/0 10:18 1:04 0:23
Nikita Alexeev 0 0 0 0 0 2 1 0 0 0 0/0 13:40 5:17 0:00
Ryan Murray 0 0 0 1 2 5 2 1 0 0 0/0 29:38 6:44 3:08
Scott Laughton 0 0 0 0 0 0 2 0 0 0 2/8 11:16 0:42 1:34
Steve Begin 0 0 0 0 0 1 0 0 0 0 0/0 16:41 5:35 0:47
T.J Brodie 0 0 0 0 0 0 0 1 0 1 0/0 18:52 5:39 1:41
Zack Smith 0 0 0 0 0 0 1 0 0 1 4/8 12:12 0:00 1:29
3 Stars
1 - Brendan Gallagher (Bre)
2 - Jan Mursak (Cap)
3 - Blake Geoffrion (Bre)
Power Play
Griffins - 2 on 5 Attempt(s) - 40.00%
Carnivores - 1 on 6 Attempt(s) - 16.67%
Penalty Kill
Griffins - 5 on 6 Attempt(s) - 83.33%
- Score 0 goal in Penalty Kill
Carnivores - 3 on 5 Attempt(s) - 60.00%
- Score 0 goal in Penalty Kill
Team Stat
Griffins - Hits : 25 - Faceoff Wins : 31 - Blocked Shots : 8 - Penalty Minutes : 25
Carnivores - Hits : 12 - Faceoff Wins : 32 - Blocked Shots : 11 - Penalty Minutes : 10
Official
Referees : Meier Brad and Joannette Marc
Linesman : Mark Wheler and Jay Sharrers
Game Notes
Jamie Arniel ejected from game at 2:44 of 1st period
Finance
Level 1 -- Attendance: 1337 (66.85%) -- Ticket Income $53,480
Level 2 -- Attendance: 668 (66.80%) -- Ticket Income $13,360
Total Attendance: 2005 (66.83%)
Total Ticket Income: $66,840
Other Income: $3,342
Total Income: $70,182
Griffins
5 vs 5 Forward
Center Left Wing Right Wing Time % Phy DF OF
1 Jamie Arniel Pontus Aberg Petr Pohl 40 0 2 3
2 Greg Mauldin Tye McGinn J.T. Brown 25 0 2 3
3 Quinton Howden Robert Dome Ben Hanowski 25 0 2 3
4 Vladislav Namestnikov Jan Mursak Mike Duco 10 0 2 3
5 vs 5 Defense
Defense Defense Time % Phy DF OF
1 Lukas Krajicek Simon Despres 40 1 2 2
2 Gord Baldwin Oscar Klefbom 30 1 2 2
3 Nathan Oystrick Justin Braun 20 1 2 2
4 Nathan Oystrick Petter Granberg 10 1 2 2
PowerPlay Forward
Center Left Wing Right Wing Time % Phy DF OF
1 Jamie Arniel Robert Dome Petr Pohl 60 0 1 4
2 Greg Mauldin Tye McGinn Ben Hanowski 40 0 1 4
PowerPlay Defense
Defense Defense Time % Phy DF OF
1 Oscar Klefbom Lukas Krajicek 60 0 1 4
2 Petter Granberg Simon Despres 40 0 1 4
Penalty Kill 4 Players Forward
Center Wing Time % Phy DF OF
1 Jamie Arniel Petr Pohl 60 1 2 2
2 Jan Mursak Mike Duco 40 1 2 2
Penalty Kill 4 Players Defense
Defense Defense Time % Phy DF OF
1 Gord Baldwin Lukas Krajicek 60 1 2 2
2 Justin Braun Nathan Oystrick 40 1 2 2
Penalty Kill - 3 Players Forward
Forward Time % Phy DF OF
1 Jamie Arniel 60 1 2 2
2 Mike Duco 40 1 2 2
Penalty Kill - 3 Players Defense
Defense Defense Time % Phy DF OF
1 Gord Baldwin Lukas Krajicek 60 1 2 2
2 Justin Braun Nathan Oystrick 40 1 2 2
4 vs 4 Forward
Center Wing Time % Phy DF OF
1 Jamie Arniel Petr Pohl 60 1 2 2
2 Greg Mauldin Tye McGinn 40 1 2 2
4 vs 4 Defense
Defense Defense Time % Phy DF OF
1 Nathan Oystrick Gord Baldwin 60 1 2 2
2 Lukas Krajicek Justin Braun 40 1 2 2
Last Minutes Offensive
Center Left Wing Right Wing Defense Defense
Jamie Arniel Tye McGinn Petr Pohl Lukas Krajicek Oscar Klefbom
Last Minutes Defensive
Center Left Wing Right Wing Defense Defense
Jamie Arniel Jan Mursak Mike Duco Gord Baldwin Nathan Oystrick
Goaltenders
Starting : Malcolm Subban
Backup : Jason Missiaen
Extra Forwards
Normal : Jamie Arniel, Tye McGinn, Robert Dome - PP : Pontus Aberg, Ben Hanowski - PK : Petr Pohl
Extra Defensemen
Normal : Oscar Klefbom, Simon Despres, Petter Granberg - PP : Justin Braun - PK : Justin Braun, Simon Despres
Penalty Shots
Jamie Arniel, Jan Mursak, Ben Hanowski, Robert Dome, Greg Mauldin
Scratches
Devin Shore (Healthy), Garrett Wilson (Healthy), Tanner Kero (Healthy), Greg McKegg (Healthy), Lucas Lessio (Healthy)
Kyle Lawson (Healthy), Brett Bulmer (Healthy), Stuart Percy (Healthy), Rich Clune (Healthy), Jerome Gauthier-Leduc (Healthy)
Konrad Abeltshauser (Healthy), Tomas Hyka (Healthy), Brian Hart (Healthy), Casey Wellman (Healthy), Thomas Greiss (Healthy)
Carnivores
5 vs 5 Forward
Center Left Wing Right Wing Time % Phy DF OF
1 Anton Gustafsson Blake Geoffrion Brendan Gallagher 40 1 2 2
2 Zack Smith Steve Begin Chris Lawrence 30 1 2 2
3 Scott Laughton Jeremy Welsh Nikita Alexeev 20 1 2 2
4 Markus Granlund Nicolas Kerdiles Jeremy Williams 10 1 2 2
5 vs 5 Defense
Defense Defense Time % Phy DF OF
1 Ryan Murray Joe Corvo 40 1 2 2
2 Nate Schmidt T.J Brodie 30 1 2 2
3 Josh Manson Mat Clark 20 2 2 1
4 Ryan Murray Adam Pelech 10 1 2 2
PowerPlay Forward
Center Left Wing Right Wing Time % Phy DF OF
1 Anton Gustafsson Blake Geoffrion Brendan Gallagher 60 1 1 3
2 Markus Granlund Steve Begin Nikita Alexeev 40 1 1 3
PowerPlay Defense
Defense Defense Time % Phy DF OF
1 Ryan Murray Joe Corvo 60 1 1 3
2 Nate Schmidt T.J Brodie 40 1 1 3
Penalty Kill 4 Players Forward
Center Wing Time % Phy DF OF
1 Anton Gustafsson Chris Lawrence 60 1 3 1
2 Zack Smith Steve Begin 40 1 3 1
Penalty Kill 4 Players Defense
Defense Defense Time % Phy DF OF
1 Ryan Murray Joe Corvo 60 1 3 1
2 Nate Schmidt T.J Brodie 40 1 3 1
Penalty Kill - 3 Players Forward
Forward Time % Phy DF OF
1 Chris Lawrence 60 1 3 1
2 Steve Begin 40 1 3 1
Penalty Kill - 3 Players Defense
Defense Defense Time % Phy DF OF
1 Ryan Murray Joe Corvo 60 1 3 1
2 Nate Schmidt T.J Brodie 40 1 3 1
4 vs 4 Forward
Center Wing Time % Phy DF OF
1 Anton Gustafsson Brendan Gallagher 60 1 2 2
2 Scott Laughton Blake Geoffrion 40 1 2 2
4 vs 4 Defense
Defense Defense Time % Phy DF OF
1 Ryan Murray Joe Corvo 60 1 2 2
2 Nate Schmidt T.J Brodie 40 1 2 2
Last Minutes Offensive
Center Left Wing Right Wing Defense Defense
Anton Gustafsson Blake Geoffrion Brendan Gallagher Ryan Murray Joe Corvo
Last Minutes Defensive
Center Left Wing Right Wing Defense Defense
Anton Gustafsson Steve Begin Brendan Gallagher Ryan Murray Nate Schmidt
Goaltenders
Starting : Antti Raanta
Backup : Mike McKenna
Extra Forwards
Normal : Nikita Alexeev, Scott Laughton, Anton Gustafsson - PP : Nikita Alexeev, Jeremy Welsh - PK : Scott Laughton
Extra Defensemen
Normal : Adam Pelech, Mat Clark, Josh Manson - PP : Mat Clark - PK : Mat Clark, Adam Pelech
Penalty Shots
Blake Geoffrion, Brendan Gallagher, Chris Lawrence, Jeremy Welsh, Anton Gustafsson
Scratches
Colton Orr (Healthy), David Schlemko (Healthy), Mattias Backman (Healthy), Adam Almquist (Healthy), Stanislav Galiev (Healthy)
Mark MacMillan (Healthy), Tyler Graovac (Healthy), Patrick McNeill (Healthy), Sasha Pokulok (Abdominal Strain Injury), Troy Bourke (Healthy)
Alexandre Mallet (Healthy), Michael Schumacher (Healthy), Daniel Altshuller (Healthy)
% Time on Ice - Griffins
Lines # - Real PCT - Wanted PCT - Time Play
Normal Forward
1 - 36% - 40% - 14:22
2 - 22% - 25% - 8:42
3 - 22% - 25% - 8:58
4 - 21% - 10% - 8:25
Normal Defense
1 - 42% - 40% - 16:54
2 - 33% - 30% - 13:24
3 - 19% - 20% - 7:35
4 - 6% - 10% - 2:34
PP Forward
1 - 66% - 60% - 3:34
2 - 34% - 40% - 1:50
PP Defense
1 - 66% - 60% - 3:33
2 - 34% - 40% - 1:51
PK Forward
1 - 75% - 60% - 9:44
2 - 25% - 40% - 3:14
PK Defense
1 - 60% - 60% - 7:49
2 - 40% - 40% - 5:09
PK3 Forward
1 - 0% - 60%
2 - 0% - 40%
PK3 Defense
1 - 0% - 60%
2 - 0% - 40%
44 Forward
1 - 0% - 60%
2 - 0% - 40%
44 Defense
1 - 0% - 60%
2 - 0% - 40%
Last Minute Offensive - 0:00
Last Minute Defensive - 1:11
Total
Forward - 60:00
Defense - 60:00
|
% Time on Ice - Carnivores
Lines # - Real PCT - Wanted PCT - Time Play
Normal Forward
1 - 32% - 40% - 13:04
2 - 27% - 30% - 11:01
3 - 20% - 20% - 8:05
4 - 21% - 10% - 8:31
Normal Defense
1 - 38% - 40% - 15:24
2 - 28% - 30% - 11:32
3 - 25% - 20% - 10:15
4 - 9% - 10% - 3:30
PP Forward
1 - 55% - 60% - 7:08
2 - 45% - 40% - 5:50
PP Defense
1 - 56% - 60% - 7:19
2 - 44% - 40% - 5:39
PK Forward
1 - 79% - 60% - 3:00
2 - 21% - 40% - 0:47
PK Defense
1 - 71% - 60% - 2:42
2 - 29% - 40% - 1:05
PK3 Forward
1 - 100% - 60% - 1:37
2 - 0% - 40% - 0:00
PK3 Defense
1 - 63% - 60% - 1:01
2 - 37% - 40% - 0:36
44 Forward
1 - 0% - 60%
2 - 0% - 40%
44 Defense
1 - 0% - 60%
2 - 0% - 40%
Last Minute Offensive - 0:57
Last Minute Defensive - 0:00
Total
Forward - 60:00
Defense - 60:00
|
Play by Play
1st period
0:01 of 1st period - Jamie Arniel wins face-off versus Anton Gustafsson in neutral zone.
0:36 of 1st period - Wrist shot by Greg Mauldin.
0:36 of 1st period - Shot Blocked by Joe Corvo.
0:52 of 1st period - Wrist shot by Robert Dome.
0:52 of 1st period - Shot Misses the Net.
0:58 of 1st period - Jeremy Welsh is hit by Simon Despres and loses puck.
1:21 of 1st period - Snap shot by Jan Mursak.
1:21 of 1st period - Deflect By Mike Duco.
1:21 of 1st period - Shot Blocked by Markus Granlund.
1:21 of 1st period - Puck is out of play.
1:22 of 1st period - Jamie Arniel wins face-off versus Anton Gustafsson in Carnivores zone.
1:48 of 1st period - Icing by Pontus Aberg.
1:49 of 1st period - Jamie Arniel wins face-off versus Scott Laughton in Griffins zone.
2:25 of 1st period - Snap shot by Nikita Alexeev.
2:25 of 1st period - Shot Misses the Net.
2:27 of 1st period - Wrist shot by Nikita Alexeev.
2:27 of 1st period - Stopped by Malcolm Subban with a rebound.
2:44 of 1st period - Major / Game Misconduct Penalty to Jamie Arniel for Attempt to injure.
2:44 of 1st period - Jamie Arniel is ejected from game.
2:45 of 1st period - Anton Gustafsson wins face-off versus Vladislav Namestnikov in Griffins zone.
3:51 of 1st period - Brendan Gallagher is hit by Jan Mursak and loses puck.
4:26 of 1st period - Icing by Brendan Gallagher.
4:27 of 1st period - Quinton Howden wins face-off versus Markus Granlund in Carnivores zone.
4:55 of 1st period - T.J Brodie is hit by Nathan Oystrick and loses puck.
5:02 of 1st period - Blake Geoffrion is hit by Jan Mursak and loses puck.
6:30 of 1st period - Lukas Krajicek is hit by Nikita Alexeev and loses puck.
6:41 of 1st period - Steve Begin is hit by Jan Mursak.
7:44 of 1st period - Penalty to Jamie Arniel is over, Ben Hanowski is send on ice.
7:49 of 1st period - Wrist shot by Zack Smith.
7:49 of 1st period - Deflect By Chris Lawrence.
7:49 of 1st period - Shot Misses the Net.
7:49 of 1st period - Puck is out of play.
7:50 of 1st period - Greg Mauldin wins face-off versus Zack Smith in Griffins zone.
8:05 of 1st period - Tye McGinn is hit by Joe Corvo and loses puck.
8:16 of 1st period - Mat Clark is hit by Quinton Howden.
8:28 of 1st period - Wrist shot by Jan Mursak.
8:28 of 1st period - Goal by Jan Mursak - Griffins : 1 - Carnivores : 0.
8:29 of 1st period - Anton Gustafsson wins face-off versus Tye McGinn in neutral zone.
8:47 of 1st period - Minor Penalty to Ryan Murray for Holding.
8:48 of 1st period - Anton Gustafsson wins face-off versus Pontus Aberg in Carnivores zone.
9:20 of 1st period - Snap shot by Lukas Krajicek.
9:20 of 1st period - Stopped by Antti Raanta with a rebound.
9:22 of 1st period - Wrist shot by Tye McGinn.
9:22 of 1st period - Goal by Tye McGinn - Griffins : 2 - Carnivores : 0.
9:23 of 1st period - Anton Gustafsson wins face-off versus Quinton Howden in neutral zone.
9:31 of 1st period - Wrist shot by Quinton Howden.
9:31 of 1st period - Shot Misses the Net.
9:33 of 1st period - Snap shot by Simon Despres.
9:33 of 1st period - Stopped by Antti Raanta with a rebound.
9:35 of 1st period - Slapshot by Lukas Krajicek.
9:35 of 1st period - Stopped by Antti Raanta without a rebound.
9:36 of 1st period - Tye McGinn wins face-off versus Anton Gustafsson in Carnivores zone.
9:45 of 1st period - Ryan Murray is hit by Tye McGinn and loses puck.
10:02 of 1st period - Simon Despres is hit by Ryan Murray and loses puck.
10:37 of 1st period - Ben Hanowski is hit by Jeremy Williams and loses puck.
10:54 of 1st period - Blake Geoffrion is hit by J.T. Brown and loses puck.
11:32 of 1st period - Slapshot by Jan Mursak.
11:32 of 1st period - Stopped by Antti Raanta with a rebound.
11:34 of 1st period - Snap shot by Vladislav Namestnikov.
11:34 of 1st period - Stopped by Antti Raanta without a rebound.
11:35 of 1st period - Vladislav Namestnikov wins face-off versus Anton Gustafsson in Carnivores zone.
11:58 of 1st period - Snap shot by Petr Pohl.
11:58 of 1st period - Stopped by Antti Raanta without a rebound.
11:59 of 1st period - Zack Smith wins face-off versus Tye McGinn in Carnivores zone.
12:17 of 1st period - Snap shot by Petr Pohl.
12:17 of 1st period - Shot Misses the Net.
12:32 of 1st period - Snap shot by Tye McGinn.
12:32 of 1st period - Shot Misses the Net.
12:34 of 1st period - Snap shot by Tye McGinn.
12:34 of 1st period - Shot Misses the Net.
12:46 of 1st period - Wrist shot by Petr Pohl.
12:46 of 1st period - Shot Blocked by Joe Corvo.
13:13 of 1st period - Wrist shot by Petr Pohl.
13:13 of 1st period - Stopped by Antti Raanta with a rebound.
13:15 of 1st period - Slapshot by Nathan Oystrick.
13:15 of 1st period - Deflect By Petr Pohl.
13:15 of 1st period - Shot Misses the Net.
13:15 of 1st period - Puck is out of play.
13:16 of 1st period - Anton Gustafsson wins face-off versus Quinton Howden in Carnivores zone.
13:27 of 1st period - Snap shot by Quinton Howden.
13:27 of 1st period - Shot Misses the Net.
15:37 of 1st period - Markus Granlund is hit by Oscar Klefbom and loses puck.
15:52 of 1st period - Minor Penalty to Blake Geoffrion for Hooking.
15:53 of 1st period - Pontus Aberg wins face-off versus Anton Gustafsson in Carnivores zone.
15:56 of 1st period - Snap shot by Robert Dome.
15:56 of 1st period - Shot Misses the Net.
15:58 of 1st period - Snap shot by Pontus Aberg.
15:58 of 1st period - Shot Blocked by Chris Lawrence.
16:00 of 1st period - Slapshot by Justin Braun.
16:00 of 1st period - Shot Misses the Net.
16:12 of 1st period - Nate Schmidt is hit by Greg Mauldin and loses puck.
16:33 of 1st period - Snap shot by Robert Dome.
16:33 of 1st period - Shot Misses the Net.
16:35 of 1st period - Slapshot by Lukas Krajicek.
16:35 of 1st period - Shot Misses the Net.
17:03 of 1st period - Pontus Aberg is hit by Scott Laughton and loses puck.
17:10 of 1st period - Wrist shot by Ryan Murray.
17:10 of 1st period - Stopped by Malcolm Subban with a rebound.
17:12 of 1st period - Backhand shot by Joe Corvo.
17:12 of 1st period - Stopped by Malcolm Subban without a rebound.
17:13 of 1st period - Anton Gustafsson wins face-off versus Greg Mauldin in Griffins zone.
17:52 of 1st period - Penalty to Blake Geoffrion is over, Blake Geoffrion is back on ice.
18:03 of 1st period - Minor Penalty to Jan Mursak for High sticking.
18:04 of 1st period - Anton Gustafsson wins face-off versus Vladislav Namestnikov in Griffins zone.
18:04 of 1st period - Slapshot by Brendan Gallagher.
18:04 of 1st period - Stopped by Malcolm Subban with a rebound.
18:06 of 1st period - Snap shot by Blake Geoffrion.
18:06 of 1st period - Goal by Blake Geoffrion - Griffins : 2 - Carnivores : 1.
18:07 of 1st period - Anton Gustafsson wins face-off versus Greg Mauldin in neutral zone.
18:54 of 1st period - Minor Penalty to Lukas Krajicek for Slashing.
18:55 of 1st period - Vladislav Namestnikov wins face-off versus Anton Gustafsson in Griffins zone.
19:28 of 1st period - Snap shot by Steve Begin.
19:28 of 1st period - Stopped by Malcolm Subban with a rebound.
19:30 of 1st period - Slapshot by Nikita Alexeev.
19:30 of 1st period - Shot Misses the Net.
Goals for this period are 2 for Griffins vs 1 for Carnivores.
Shots for this period are 9 for Griffins vs 6 for Carnivores.
2nd period
0:01 of 2nd period - Vladislav Namestnikov wins face-off versus Anton Gustafsson in neutral zone.
0:06 of 2nd period - Snap shot by Petr Pohl.
0:06 of 2nd period - Deflect By Vladislav Namestnikov.
0:06 of 2nd period - Stopped by Antti Raanta without a rebound.
0:07 of 2nd period - Anton Gustafsson wins face-off versus Vladislav Namestnikov in Carnivores zone.
0:45 of 2nd period - Wrist shot by Jan Mursak.
0:45 of 2nd period - Shot Blocked by Ryan Murray.
0:54 of 2nd period - Penalty to Lukas Krajicek is over, Lukas Krajicek is back on ice.
0:58 of 2nd period - Icing by Lukas Krajicek.
0:59 of 2nd period - Jan Mursak wins face-off versus Zack Smith in Griffins zone.
1:45 of 2nd period - Slapshot by Jeremy Welsh.
1:45 of 2nd period - Shot Misses the Net.
1:47 of 2nd period - Slapshot by Josh Manson.
1:47 of 2nd period - Stopped by Malcolm Subban with a rebound.
1:49 of 2nd period - Wrist shot by Scott Laughton.
1:49 of 2nd period - Shot Blocked by Quinton Howden.
1:51 of 2nd period - Slapshot by Josh Manson.
1:51 of 2nd period - Shot Blocked by Justin Braun.
2:23 of 2nd period - Nicolas Kerdiles is hit by Tye McGinn and loses puck.
2:34 of 2nd period - Snap shot by Greg Mauldin.
2:34 of 2nd period - Shot Blocked by Josh Manson.
3:02 of 2nd period - Snap shot by Greg Mauldin.
3:02 of 2nd period - Deflect By Tye McGinn.
3:02 of 2nd period - Stopped by Antti Raanta without a rebound.
3:03 of 2nd period - Robert Dome wins face-off versus Anton Gustafsson in Carnivores zone.
3:37 of 2nd period - Ryan Murray is hit by Mike Duco.
3:55 of 2nd period - Icing by Nate Schmidt.
3:56 of 2nd period - Scott Laughton wins face-off versus Quinton Howden in Carnivores zone.
4:37 of 2nd period - Off-side.
4:38 of 2nd period - Anton Gustafsson wins face-off versus Tye McGinn in neutral zone.
4:40 of 2nd period - Off-side.
4:41 of 2nd period - Petr Pohl wins face-off versus Anton Gustafsson in neutral zone.
5:17 of 2nd period - Off-side.
5:18 of 2nd period - Pontus Aberg wins face-off versus Zack Smith in neutral zone.
5:58 of 2nd period - Snap shot by Robert Dome.
5:58 of 2nd period - Stopped by Antti Raanta with a rebound.
6:08 of 2nd period - Vladislav Namestnikov is hit by Josh Manson and loses puck.
6:19 of 2nd period - Slapshot by Jeremy Williams.
6:19 of 2nd period - Stopped by Malcolm Subban without a rebound.
6:20 of 2nd period - Tye McGinn wins face-off versus Anton Gustafsson in Griffins zone.
7:57 of 2nd period - Slapshot by Pontus Aberg.
7:57 of 2nd period - Shot Blocked by Blake Geoffrion.
8:22 of 2nd period - Snap shot by Ben Hanowski.
8:22 of 2nd period - Shot Misses the Net.
8:24 of 2nd period - Slapshot by Lukas Krajicek.
8:24 of 2nd period - Shot Misses the Net.
8:55 of 2nd period - Off-side.
8:56 of 2nd period - Robert Dome wins face-off versus Anton Gustafsson in neutral zone.
8:58 of 2nd period - Off-side.
8:59 of 2nd period - Tye McGinn wins face-off versus Brendan Gallagher in neutral zone.
9:10 of 2nd period - Snap shot by Anton Gustafsson.
9:10 of 2nd period - Shot Misses the Net.
9:12 of 2nd period - Slapshot by Blake Geoffrion.
9:12 of 2nd period - Shot Misses the Net.
9:14 of 2nd period - Slapshot by Brendan Gallagher.
9:14 of 2nd period - Stopped by Malcolm Subban without a rebound.
9:15 of 2nd period - Quinton Howden wins face-off versus Zack Smith in Griffins zone.
9:20 of 2nd period - Joe Corvo is hit by Ben Hanowski and loses puck.
9:57 of 2nd period - Snap shot by Robert Dome.
9:57 of 2nd period - Stopped by Antti Raanta without a rebound.
9:58 of 2nd period - Tye McGinn wins face-off versus Anton Gustafsson in Carnivores zone.
10:34 of 2nd period - Wrist shot by Chris Lawrence.
10:34 of 2nd period - Stopped by Malcolm Subban without a rebound.
10:35 of 2nd period - Anton Gustafsson wins face-off versus Tye McGinn in Griffins zone.
10:38 of 2nd period - Snap shot by Anton Gustafsson.
10:38 of 2nd period - Deflect By Blake Geoffrion.
10:38 of 2nd period - Stopped by Malcolm Subban without a rebound.
10:39 of 2nd period - Anton Gustafsson wins face-off versus Tye McGinn in Griffins zone.
10:48 of 2nd period - Backhand shot by Blake Geoffrion.
10:48 of 2nd period - Shot Blocked by Tye McGinn.
10:50 of 2nd period - Snap shot by Brendan Gallagher.
10:50 of 2nd period - Shot Misses the Net.
10:52 of 2nd period - Slapshot by Ryan Murray.
10:52 of 2nd period - Stopped by Malcolm Subban with a rebound.
10:54 of 2nd period - Snap shot by Ryan Murray.
10:54 of 2nd period - Deflect By Petr Pohl.
10:54 of 2nd period - Stopped by Malcolm Subban without a rebound.
10:55 of 2nd period - Zack Smith wins face-off versus Ben Hanowski in Griffins zone.
10:56 of 2nd period - Snap shot by Chris Lawrence.
10:56 of 2nd period - Shot Misses the Net.
11:08 of 2nd period - Wrist shot by Ben Hanowski.
11:08 of 2nd period - Stopped by Antti Raanta with a rebound.
11:10 of 2nd period - Slapshot by Lukas Krajicek.
11:10 of 2nd period - Stopped by Antti Raanta with a rebound.
11:26 of 2nd period - Slapshot by Blake Geoffrion.
11:26 of 2nd period - Shot Misses the Net.
11:28 of 2nd period - Snap shot by Brendan Gallagher.
11:28 of 2nd period - Goal by Brendan Gallagher - Griffins : 2 - Carnivores : 2.
11:29 of 2nd period - Anton Gustafsson wins face-off versus Greg Mauldin in neutral zone.
11:39 of 2nd period - Off-side.
11:40 of 2nd period - Brendan Gallagher wins face-off versus Tye McGinn in neutral zone.
12:02 of 2nd period - Icing by Joe Corvo.
12:03 of 2nd period - Zack Smith wins face-off versus Quinton Howden in Carnivores zone.
12:27 of 2nd period - Minor Penalty to Lukas Krajicek for High sticking.
12:28 of 2nd period - Anton Gustafsson wins face-off versus Vladislav Namestnikov in Griffins zone.
12:28 of 2nd period - Snap shot by Brendan Gallagher.
12:28 of 2nd period - Stopped by Malcolm Subban without a rebound.
12:29 of 2nd period - Vladislav Namestnikov wins face-off versus Brendan Gallagher in Griffins zone.
13:25 of 2nd period - Ryan Murray is hit by Simon Despres and loses puck.
14:27 of 2nd period - Penalty to Lukas Krajicek is over, Lukas Krajicek is back on ice.
14:49 of 2nd period - Wrist shot by Jan Mursak.
14:49 of 2nd period - Shot Misses the Net.
15:49 of 2nd period - Blake Geoffrion is hit by Greg Mauldin and loses puck.
16:12 of 2nd period - T.J Brodie is hit by Jan Mursak and loses puck.
16:27 of 2nd period - T.J Brodie is hit by Robert Dome and loses puck.
16:40 of 2nd period - Snap shot by Jeremy Williams.
16:40 of 2nd period - Shot Blocked by Greg Mauldin.
17:06 of 2nd period - Josh Manson is hit by Ben Hanowski and loses puck.
17:19 of 2nd period - Vladislav Namestnikov is hit by Josh Manson and loses puck.
18:05 of 2nd period - Wrist shot by Nicolas Kerdiles.
18:05 of 2nd period - Stopped by Malcolm Subban without a rebound.
18:06 of 2nd period - Markus Granlund wins face-off versus Vladislav Namestnikov in Griffins zone.
18:07 of 2nd period - Backhand shot by Jeremy Williams.
18:07 of 2nd period - Shot Blocked by Justin Braun.
18:15 of 2nd period - Snap shot by Markus Granlund.
18:15 of 2nd period - Stopped by Malcolm Subban with a rebound.
18:17 of 2nd period - Snap shot by Markus Granlund.
18:17 of 2nd period - Shot Misses the Net.
18:29 of 2nd period - Mat Clark is hit by Nathan Oystrick and loses puck.
19:34 of 2nd period - Off-side.
19:35 of 2nd period - Markus Granlund wins face-off versus Robert Dome in neutral zone.
19:57 of 2nd period - Icing by Petr Pohl.
19:58 of 2nd period - Robert Dome wins face-off versus Anton Gustafsson in Griffins zone.
Goals for this period are 0 for Griffins vs 1 for Carnivores.
Shots for this period are 6 for Griffins vs 11 for Carnivores.
3rd period
0:01 of 3rd period - Blake Geoffrion wins face-off versus Tye McGinn in neutral zone.
0:26 of 3rd period - Pontus Aberg is hit by Scott Laughton and loses puck.
0:37 of 3rd period - Wrist shot by Petr Pohl.
0:37 of 3rd period - Deflect By Pontus Aberg.
0:37 of 3rd period - Shot Blocked by T.J Brodie.
0:37 of 3rd period - Puck is out of play.
0:38 of 3rd period - Anton Gustafsson wins face-off versus Ben Hanowski in Carnivores zone.
0:43 of 3rd period - T.J Brodie is hit by Ben Hanowski.
1:47 of 3rd period - Wrist shot by Mike Duco.
1:47 of 3rd period - Stopped by Antti Raanta with a rebound.
2:01 of 3rd period - Wrist shot by Jan Mursak.
2:01 of 3rd period - Shot Misses the Net.
2:03 of 3rd period - Wrist shot by Jan Mursak.
2:03 of 3rd period - Shot Misses the Net.
2:18 of 3rd period - Wrist shot by Jan Mursak.
2:18 of 3rd period - Shot Blocked by Jeremy Williams.
2:30 of 3rd period - Backhand shot by Mike Duco.
2:30 of 3rd period - Stopped by Antti Raanta without a rebound.
2:31 of 3rd period - Blake Geoffrion wins face-off versus Tye McGinn in Carnivores zone.
2:38 of 3rd period - Snap shot by Brendan Gallagher.
2:38 of 3rd period - Shot Misses the Net.
2:40 of 3rd period - Snap shot by Anton Gustafsson.
2:40 of 3rd period - Shot Misses the Net.
2:42 of 3rd period - Wrist shot by Anton Gustafsson.
2:42 of 3rd period - Stopped by Malcolm Subban with a rebound.
2:44 of 3rd period - Wrist shot by Blake Geoffrion.
2:44 of 3rd period - Deflect By Brendan Gallagher.
2:44 of 3rd period - Shot Misses the Net.
2:44 of 3rd period - Puck is out of play.
2:45 of 3rd period - Anton Gustafsson wins face-off versus Tye McGinn in Griffins zone.
2:46 of 3rd period - Snap shot by Brendan Gallagher.
2:46 of 3rd period - Shot Misses the Net.
2:48 of 3rd period - Minor Penalty to Nathan Oystrick for Diving.
2:49 of 3rd period - Anton Gustafsson wins face-off versus Vladislav Namestnikov in Griffins zone.
3:14 of 3rd period - T.J Brodie is hit by Gord Baldwin and loses puck.
3:57 of 3rd period - Snap shot by Greg Mauldin.
3:57 of 3rd period - Shot Misses the Net.
4:48 of 3rd period - Penalty to Nathan Oystrick is over, Nathan Oystrick is back on ice.
5:01 of 3rd period - Snap shot by Ben Hanowski.
5:01 of 3rd period - Stopped by Antti Raanta with a rebound.
9:12 of 3rd period - Snap shot by Nikita Alexeev.
9:12 of 3rd period - Stopped by Malcolm Subban without a rebound.
9:13 of 3rd period - Scott Laughton wins face-off versus Vladislav Namestnikov in Griffins zone.
9:14 of 3rd period - Wrist shot by Nikita Alexeev.
9:14 of 3rd period - Shot Misses the Net.
9:38 of 3rd period - Tye McGinn is hit by Brendan Gallagher and loses puck.
9:55 of 3rd period - Slapshot by Chris Lawrence.
9:55 of 3rd period - Stopped by Malcolm Subban without a rebound.
9:56 of 3rd period - Zack Smith wins face-off versus Tye McGinn in Griffins zone.
10:05 of 3rd period - Zack Smith is hit by Nathan Oystrick and loses puck.
10:25 of 3rd period - Gord Baldwin is hit by Ryan Murray.
10:27 of 3rd period - Slapshot by Jan Mursak.
10:27 of 3rd period - Stopped by Antti Raanta without a rebound.
10:28 of 3rd period - Vladislav Namestnikov wins face-off versus Anton Gustafsson in Carnivores zone.
10:38 of 3rd period - Minor Penalty to Anton Gustafsson for Interference.
10:39 of 3rd period - Pontus Aberg wins face-off versus Scott Laughton in Carnivores zone.
10:41 of 3rd period - Wrist shot by Petr Pohl.
10:41 of 3rd period - Shot Hit the Post.
10:43 of 3rd period - Slapshot by Oscar Klefbom.
10:43 of 3rd period - Stopped by Antti Raanta without a rebound.
10:44 of 3rd period - Pontus Aberg wins face-off versus Scott Laughton in Carnivores zone.
10:53 of 3rd period - Wrist shot by Petr Pohl.
10:53 of 3rd period - Shot Misses the Net.
10:55 of 3rd period - Slapshot by Robert Dome.
10:55 of 3rd period - Stopped by Antti Raanta without a rebound.
10:56 of 3rd period - Pontus Aberg wins face-off versus Scott Laughton in Carnivores zone.
11:05 of 3rd period - Snap shot by Petr Pohl.
11:05 of 3rd period - Shot Misses the Net.
11:07 of 3rd period - Snap shot by Pontus Aberg.
11:07 of 3rd period - Goal by Pontus Aberg - Griffins : 3 - Carnivores : 2.
11:08 of 3rd period - Tye McGinn wins face-off versus Brendan Gallagher in neutral zone.
11:11 of 3rd period - Ryan Murray is hit by Petr Pohl and loses puck.
11:20 of 3rd period - Slapshot by Tye McGinn.
11:20 of 3rd period - Stopped by Antti Raanta without a rebound.
11:21 of 3rd period - Tye McGinn wins face-off versus Anton Gustafsson in Carnivores zone.
11:22 of 3rd period - Snap shot by Petr Pohl.
11:22 of 3rd period - Shot Misses the Net.
12:14 of 3rd period - Minor Penalty to Markus Granlund for Interference.
12:15 of 3rd period - Anton Gustafsson wins face-off versus Pontus Aberg in Carnivores zone.
12:36 of 3rd period - Minor Penalty to Chris Lawrence for Cross-checking.
12:37 of 3rd period - Petr Pohl wins face-off versus Scott Laughton in Carnivores zone.
12:48 of 3rd period - Snap shot by Robert Dome.
12:48 of 3rd period - Stopped by Antti Raanta with a rebound.
13:16 of 3rd period - T.J Brodie is hit by Lukas Krajicek.
13:32 of 3rd period - Ben Hanowski is hit by Zack Smith and loses puck.
14:14 of 3rd period - Penalty to Markus Granlund is over, Markus Granlund is back on ice.
14:36 of 3rd period - Penalty to Chris Lawrence is over, Chris Lawrence is back on ice.
15:21 of 3rd period - Wrist shot by Jeremy Williams.
15:21 of 3rd period - Stopped by Malcolm Subban with a rebound.
15:48 of 3rd period - Icing by Mat Clark.
15:49 of 3rd period - Vladislav Namestnikov wins face-off versus Scott Laughton in Carnivores zone.
16:06 of 3rd period - Snap shot by Chris Lawrence.
16:06 of 3rd period - Shot Blocked by Petr Pohl.
16:08 of 3rd period - Slapshot by Josh Manson.
16:08 of 3rd period - Shot Misses the Net.
16:45 of 3rd period - Slapshot by Ryan Murray.
16:45 of 3rd period - Stopped by Malcolm Subban with a rebound.
16:47 of 3rd period - Minor Penalty to Pontus Aberg for Tripping.
16:48 of 3rd period - Anton Gustafsson wins face-off versus Vladislav Namestnikov in Griffins zone.
18:29 of 3rd period - Joe Corvo is hit by Nathan Oystrick and loses puck.
18:47 of 3rd period - Penalty to Pontus Aberg is over, Pontus Aberg is back on ice.
18:48 of 3rd period - Icing by T.J Brodie.
18:49 of 3rd period - Tye McGinn wins face-off versus Anton Gustafsson in Carnivores zone.
18:52 of 3rd period - Wrist shot by Mike Duco.
18:52 of 3rd period - Shot Blocked by Blake Geoffrion.
18:54 of 3rd period - Snap shot by Nathan Oystrick.
18:54 of 3rd period - Stopped by Antti Raanta with a rebound.
18:56 of 3rd period - Snap shot by Nathan Oystrick.
18:56 of 3rd period - Stopped by Antti Raanta with a rebound.
18:58 of 3rd period - Wrist shot by Jan Mursak.
18:58 of 3rd period - Shot Misses the Net.
19:00 of 3rd period - Snap shot by Mike Duco.
19:00 of 3rd period - Shot Blocked by Blake Geoffrion.
19:02 of 3rd period - Wrist shot by Jan Mursak.
19:02 of 3rd period - Stopped by Antti Raanta without a rebound.
19:03 of 3rd period - Wayne Gretzky call a timeout for Carnivores.
19:03 of 3rd period - Anton Gustafsson wins face-off versus Tye McGinn in Carnivores zone.
19:14 of 3rd period - Carnivores, Antti Raanta is pulled from the net.
19:20 of 3rd period - Snap shot by Brendan Gallagher.
19:20 of 3rd period - Shot Misses the Net.
19:26 of 3rd period - Wrist shot by Anton Gustafsson.
19:26 of 3rd period - Stopped by Malcolm Subban without a rebound.
19:27 of 3rd period - Anton Gustafsson wins face-off versus Tye McGinn in Griffins zone.
19:28 of 3rd period - Snap shot by Blake Geoffrion.
19:28 of 3rd period - Stopped by Malcolm Subban with a rebound.
19:30 of 3rd period - Snap shot by Joe Corvo.
19:30 of 3rd period - Shot Blocked by Nathan Oystrick.
19:32 of 3rd period - Snap shot by Brendan Gallagher.
19:32 of 3rd period - Shot Misses the Net.
19:34 of 3rd period - Snap shot by Blake Geoffrion.
19:34 of 3rd period - Shot Blocked by Jan Mursak.
19:36 of 3rd period - Wrist shot by Ryan Murray.
19:36 of 3rd period - Stopped by Malcolm Subban without a rebound.
19:37 of 3rd period - Tye McGinn wins face-off versus Anton Gustafsson in Griffins zone.
19:37 of 3rd period - Tye McGinn is hit by Blake Geoffrion.
19:56 of 3rd period - Backhand shot by Blake Geoffrion.
19:56 of 3rd period - Shot Misses the Net.
19:58 of 3rd period - Snap shot by Blake Geoffrion.
19:58 of 3rd period - Stopped by Malcolm Subban with a rebound.
Goals for this period are 1 for Griffins vs 0 for Carnivores.
Shots for this period are 12 for Griffins vs 9 for Carnivores.
Back to the Top